AoeStats
← BottleDry

MegaRandom

507586404Analyzed
4v4 RM · 13d ago on Sep 18, 2026· 31m 32s· 8 players
Game mode
Random Map
Map size
Large (8 player)
Population
200
Speed
Normal
Resources
Standard
Victory
Conquest
Starting age
Dark Age
Ending age
Imperial Age
RankedLock teamsTeams togetherTeam positionsShared explorationLock speedFull tech treeHidden civsTurbo modeCheats
Victory
Defeat
🇨🇱 Tatars · Chile
943
+16
🇦🇷 Chinese · Argentina
939
+16
🇹🇼 Cumans · Taiwan
926
+16
🇹🇼 Bohemians · Taiwan
898
+17
🇺🇸 Portuguese · United States
955
-50
🇺🇸 Magyars · United States
945
-16
🇺🇸 Persians · United States
919
-16
🇺🇸 Bohemians · United States
916
-16
BottleDry
5:08 Loom
9:59 Feudal Age
10:43 Double-Bit Axe
10:53 Horse Collar
14:02 Scale Barding Armor
22:09 Castle Age
21:01 Bloodlines
20:55 Stone Mining
23:15 Chain Barding Armor
22:58 Husbandry
25:41 Heavy Plow
Aqua jahaan
0:31 Loom
13:35 Feudal Age
14:39 Double-Bit Axe
18:45 Castle Age
18:24 Horse Collar
22:09 Wheelbarrow
22:55 Bow Saw
23:51 Husbandry
25:56 Scale Barding Armor
26:02 Forging
26:39 Bloodlines
29:59 Chain Barding Armor
slumlord866
10:45 Feudal Age
12:23 Loom
15:52 Castle Age
22:19 Double-Bit Axe
23:06 Horse Collar
27:42 Forging
27:25 Fletching
followingpristine
9:18 Feudal Age
14:29 Wheelbarrow
21:08 Castle Age
23:02 Scale Barding Armor
Camalote
0:27 Loom
9:59 Feudal Age
10:31 Double-Bit Axe
19:42 Castle Age
19:31 Bloodlines
19:50 Crossbowman
25:28 Wheelbarrow
27:12 Scale Barding Armor
29:32 Fletching
30:49 Thumb Ring
s520s
2:17 Loom
11:43 Feudal Age
15:54 Castle Age
14:13 Double-Bit Axe
14:24 Horse Collar
20:47 Chemistry
20:53 Padded Archer Armor
DangerWashington
0:44 Loom
12:41 Feudal Age
18:43 Castle Age
18:01 Double-Bit Axe
19:17 Wheelbarrow
19:42 Pikeman
20:27 Squires
22:38 Forging
24:11 Capped Ram
25:44 Scale Mail Armor
27:01 Horse Collar
28:35 Hand Cart
Huidaveloz
2:32 Loom
3:15 Loom
12:21 Feudal Age
13:47 Town Watch
17:11 Castle Age
15:18 Double-Bit Axe
15:32 Horse Collar
16:20 Gold Mining
17:12 Stone Mining
19:38 Husbandry
24:19 Fletching
25:40 Bloodlines
28:03 Bodkin Arrow
28:08 Padded Archer Armor
29:04 Gold Shaft Mining
32:01 Ballistics
Connection lost

Rejoining the realm…

Still unreachable

The connection could not be restored.

Session expired

The server has moved on; the page needs a fresh start.